[ AOE2 MATCH · #505343454 ]
UnrankedPortuguese vs Ethiopians
[ REPLAY ANALYSIS · EXTRACTED FROM THE RECORDED GAME ]
Feudal
10:54
Castle
14:36
Imperial
40:08
| APM avg | 48.6 |
| APM peak | 102 |
| eAPM avg | 23.5 |
| Villagers / military | 138 / 136 |
Focus
⚔️ 38.0% · 🌾 62.0%
Spearman ×99 · Organ Gun ×35 · Mangonel ×2
Feudal
10:36
Castle
14:11
Imperial
30:59
| APM avg | 27.3 |
| APM peak | 74 |
| eAPM avg | 13.2 |
| Villagers / military | 71 / 54 |
Focus
⚔️ 33.9% · 🌾 66.1%
Archer ×50 · Battering Ram ×3 · Mangonel ×1
Feudal
9:44
Castle
13:42
Imperial
41:07
| APM avg | 32.4 |
| APM peak | 68 |
| eAPM avg | 17.0 |
| Villagers / military | 148 / 71 |
Focus
⚔️ 25.7% · 🌾 74.3%
Monk ×28 · Spearman ×27 · Battering Ram ×13 · Mangonel ×3
Feudal
10:30
Castle
15:48
Imperial
31:00
| APM avg | 37.4 |
| APM peak | 68 |
| eAPM avg | 22.3 |
| Villagers / military | 136 / 79 |
Focus
⚔️ 31.7% · 🌾 68.3%
Archer ×70 · Battering Ram ×5 · Militia ×2 · Trebuchet (Packed) ×2
Feudal
9:53
Castle
13:16
Imperial
29:43
| APM avg | 36.9 |
| APM peak | 80 |
| eAPM avg | 17.4 |
| Villagers / military | 131 / 107 |
Focus
⚔️ 26.4% · 🌾 73.6%
Knight ×83 · War Elephant ×17 · Mangonel ×4 · Trebuchet (Packed) ×3
Feudal
9:15
Castle
19:37
Imperial
37:03
| APM avg | 32.7 |
| APM peak | 63 |
| eAPM avg | 26.3 |
| Villagers / military | 129 / 67 |
Focus
⚔️ 36.4% · 🌾 63.6%
Skirmisher ×41 · Spearman ×10 · Fire Lancer ×10 · Iron Pagoda ×5 · Scorpion ×1
Feudal
11:12
Castle
15:53
Imperial
—
| APM avg | 19.0 |
| APM peak | 61 |
| eAPM avg | 13.2 |
| Villagers / military | 77 / 25 |
Focus
⚔️ 30.1% · 🌾 69.9%
Scout Cavalry ×20 · Obuch ×5
Feudal
13:06
Castle
17:01
Imperial
33:19
| APM avg | 24.0 |
| APM peak | 57 |
| eAPM avg | 16.5 |
| Villagers / military | 150 / 112 |
Focus
⚔️ 17.3% · 🌾 82.7%
Boyar ×108 · Monk ×2 · Petard ×2
Match map
Initial resources + every placement click. Lines = walls · curves = elevation contours. ◆ gold · ⬟ stone · ● berries · ✦ relic · ◌ wall gap
Your base· ✓ Closed at 14:36 · 0t walls · 2 gate(s)
tiesiogsaras's base· ✓ Closed at 14:11 · 0t walls · 3 gate(s)
CTM | chiwire's base· ✓ Closed at 13:42 · 0t walls · 3 gate(s)
Squittlez's base· ✓ Closed at 15:48 · 16t walls · 2 gate(s)
PMMePizza's base· ✓ Closed at 13:16 · 0t walls · 3 gate(s)
PSX | King's base· ✓ Closed at 19:37 · 0t walls · 3 gate(s)
Josephine Explosiphine's base· ✓ Closed at 15:53 · 0t walls · 2 gate(s)
CTM | Franco*'s base· ✓ Closed at 17:01 · 0t walls · 2 gate(s)
Smoothed initial terrain · ◌ = detected wall gap · hover for details
Inputs per minute
— CTM | BenCF - - tiesiogsaras
Build order — CTM | BenCF
First 150 of 419 actions detected
| 0:02 | Queue | Villager (Male) |
| 0:03 | Build | House |
| 0:05 | Build | House |
| 0:07 | Queue | Villager (Male) |
| 0:15 | Queue | Villager (Male) |
| 0:16 | Queue | Villager (Male) |
| 1:27 | Queue | Villager (Male) |
| 1:28 | Queue | Villager (Male) |
| 2:06 | Queue | Villager (Male) |
| 2:11 | Build | Lumber Camp |
| 2:34 | Queue | Villager (Male) |
| 2:36 | Queue | Villager (Male) |
| 2:36 | Queue | Villager (Male) |
| 2:37 | Queue | Villager (Male) |
| 3:24 | Queue | Villager (Male) |
| 3:24 | Queue | Villager (Male) |
| 3:24 | Queue | Villager (Male) |
| 3:54 | Build | House |
| 3:55 | Build | House |
| 4:23 | Queue | Villager (Male) |
| 4:49 | Build | Mill |
| 4:54 | Queue | Villager (Male) |
| 5:13 | Queue | Villager (Male) |
| 5:29 | Queue | Villager (Male) |
| 5:57 | Queue | Villager (Male) |
| 6:21 | Queue | Villager (Male) |
| 6:57 | Build | Mining Camp |
| 7:20 | Queue | Villager (Male) |
| 7:39 | Queue | Villager (Male) |
| 7:50 | Queue | Villager (Male) |
| 8:02 | Build | Mining Camp |
| 8:44 | Research | Feudal Age |
| 10:54 | Age | Feudal Age |
| 10:57 | Queue | Villager (Male) |
| 11:04 | Build | Market |
| 11:08 | Build | Blacksmith |
| 11:16 | Research | Loom |
| 11:56 | Research | Castle Age |
| 12:30 | Build | Barracks |
| 13:19 | Queue | Spearman |
| 13:19 | Queue | Spearman |
| 13:21 | Build | House |
| 13:42 | Queue | Spearman |
| 13:53 | Build | House |
| 13:57 | Queue | Spearman |
| 14:00 | Research | Double-Bit Axe |
| 14:01 | Research | Horse Collar |
| 14:27 | Queue | Spearman |
| 14:36 | Age | Castle Age |
| 14:54 | Build | Castle |
| 15:15 | Queue | Villager (Male) |
| 15:37 | Queue | Villager (Male) |
| 15:54 | Build | Mining Camp |
| 16:12 | Queue | Organ Gun |
| 16:18 | Build | Farm |
| 16:37 | Queue | Organ Gun |
| 16:37 | Queue | Organ Gun |
| 16:51 | Queue | Villager (Male) |
| 16:51 | Queue | Villager (Male) |
| 17:08 | Queue | Villager (Male) |
| 17:22 | Build | Farm |
| 17:25 | Queue | Organ Gun |
| 17:25 | Queue | Organ Gun |
| 18:08 | Queue | Villager (Male) |
| 18:14 | Build | Farm |
| 18:32 | Build | Farm |
| 18:47 | Queue | Villager (Male) |
| 18:49 | Build | Farm |
| 19:08 | Build | Farm |
| 19:13 | Build | Farm |
| 19:37 | Queue | Villager (Male) |
| 19:41 | Build | Farm |
| 19:48 | Queue | Organ Gun |
| 19:49 | Queue | Organ Gun |
| 19:55 | Queue | Villager (Male) |
| 20:15 | Queue | Villager (Male) |
| 20:18 | Queue | Organ Gun |
| 20:18 | Queue | Organ Gun |
| 20:19 | Queue | Organ Gun |
| 20:22 | Queue | Villager (Male) |
| 20:50 | Queue | Organ Gun |
| 20:51 | Queue | Villager (Male) |
| 21:14 | Queue | Villager (Male) |
| 21:18 | Build | Farm |
| 21:19 | Build | Farm |
| 21:38 | Queue | Organ Gun |
| 21:39 | Queue | Villager (Male) |
| 21:54 | Queue | Villager (Male) |
| 22:03 | Build | Siege Workshop |
| 23:09 | Queue | Villager (Male) |
| 23:09 | Queue | Villager (Male) |
| 23:12 | Build | Farm |
| 23:44 | Queue | Villager (Male) |
| 23:45 | Queue | Villager (Male) |
| 23:57 | Queue | Villager (Male) |
| 23:59 | Build | Farm |
| 24:02 | Build | Town Center |
| 24:19 | Queue | Villager (Male) |
| 24:25 | Queue | Mangonel |
| 24:29 | Build | Castle |
| 24:57 | Queue | Organ Gun |
| 25:29 | Build | Gate |
| 25:41 | Build | Castle |
| 26:00 | Queue | Villager (Male) |
| 26:02 | Queue | Villager (Male) |
| 26:02 | Queue | Villager (Male) |
| 26:06 | Build | Siege Workshop |
| 26:14 | Queue | Villager (Male) |
| 26:15 | Queue | Villager (Male) |
| 26:35 | Queue | Villager (Male) |
| 26:35 | Queue | Villager (Male) |
| 26:37 | Queue | Mangonel |
| 26:48 | Queue | Villager (Male) |
| 26:56 | Queue | Villager (Male) |
| 26:58 | Build | Farm |
| 26:58 | Build | Farm |
| 26:59 | Build | Farm |
| 26:59 | Build | Farm |
| 26:59 | Build | Farm |
| 27:00 | Build | Farm |
| 27:01 | Queue | Villager (Male) |
| 27:01 | Queue | Villager (Male) |
| 27:15 | Queue | Villager (Male) |
| 27:22 | Build | Gate |
| 27:29 | Queue | Organ Gun |
| 27:36 | Queue | Villager (Male) |
| 27:37 | Queue | Villager (Male) |
| 27:39 | Build | Farm |
| 27:40 | Queue | Villager (Male) |
| 27:40 | Queue | Villager (Male) |
| 28:01 | Queue | Villager (Male) |
| 28:05 | Queue | Villager (Male) |
| 28:05 | Queue | Villager (Male) |
| 28:26 | Research | Heavy Plow |
| 28:40 | Queue | Villager (Male) |
| 28:44 | Queue | Organ Gun |
| 28:44 | Queue | Organ Gun |
| 28:53 | Queue | Organ Gun |
| 28:55 | Queue | Villager (Male) |
| 28:55 | Queue | Villager (Male) |
| 29:03 | Build | House |
| 29:04 | Build | House |
| 29:21 | Queue | Villager (Male) |
| 29:24 | Build | Farm |
| 29:28 | Queue | Organ Gun |
| 29:40 | Queue | Organ Gun |
| 29:41 | Queue | Villager (Male) |
| 29:47 | Build | Farm |
| 29:50 | Queue | Organ Gun |
| 29:58 | Queue | Villager (Male) |
Build order — tiesiogsaras
First 150 of 216 actions detected
| 0:00 | Queue | Villager (Male) |
| 0:01 | Queue | Villager (Male) |
| 0:03 | Build | House |
| 0:06 | Build | House |
| 0:21 | Queue | Villager (Male) ×2 |
| 1:38 | Queue | Villager (Male) |
| 1:38 | Queue | Villager (Male) |
| 1:49 | Build | Lumber Camp |
| 1:59 | Queue | Villager (Male) |
| 2:24 | Queue | Villager (Male) |
| 2:24 | Queue | Villager (Male) |
| 2:53 | Queue | Villager (Male) |
| 2:53 | Queue | Villager (Male) |
| 2:54 | Queue | Villager (Male) |
| 3:36 | Build | House |
| 3:47 | Queue | Villager (Male) |
| 3:48 | Queue | Villager (Male) |
| 4:07 | Queue | Villager (Male) |
| 4:08 | Queue | Villager (Male) |
| 4:11 | Build | Mill |
| 4:41 | Queue | Villager (Male) |
| 4:41 | Queue | Villager (Male) |
| 5:09 | Queue | Villager (Male) |
| 5:35 | Queue | Villager (Male) |
| 5:42 | Build | House |
| 5:59 | Queue | Villager (Male) |
| 6:41 | Queue | Villager (Male) |
| 6:41 | Queue | Villager (Male) |
| 6:54 | Build | Lumber Camp |
| 7:35 | Queue | Villager (Male) |
| 7:41 | Queue | Villager (Male) |
| 8:19 | Research | Feudal Age |
| 8:19 | Research | Feudal Age |
| 9:58 | Build | House |
| 10:30 | Queue | Villager (Male) |
| 10:36 | Age | Feudal Age |
| 10:39 | Build | Market |
| 10:40 | Build | Blacksmith |
| 10:49 | Queue | Villager (Male) |
| 11:28 | Queue | Villager (Male) |
| 11:31 | Research | Castle Age |
| 11:31 | Research | Castle Age |
| 11:34 | Research | Double-Bit Axe |
| 11:36 | Build | Mining Camp |
| 12:10 | Build | Barracks |
| 13:07 | Build | Farm |
| 13:09 | Build | Farm |
| 13:11 | Build | Farm |
| 13:13 | Build | Farm |
| 13:15 | Build | Farm |
| 13:17 | Build | Farm |
| 14:10 | Build | House |
| 14:11 | Age | Castle Age |
| 14:11 | Queue | Villager (Male) |
| 14:16 | Build | Town Center |
| 14:18 | Research | Bow Saw |
| 14:20 | Research | Fletching |
| 14:43 | Queue | Villager (Male) |
| 14:58 | Build | Palisade Wall |
| 15:00 | Build | Palisade Wall |
| 15:02 | Build | Palisade Wall |
| 15:03 | Build | Palisade Wall |
| 15:11 | Queue | Villager (Male) |
| 15:14 | Queue | Villager (Male) |
| 15:16 | Research | Gold Mining |
| 15:18 | Build | Farm |
| 15:19 | Build | Farm |
| 15:21 | Build | Farm |
| 15:22 | Build | Farm |
| 15:31 | Queue | Villager (Male) |
| 15:49 | Queue | Villager (Male) |
| 15:50 | Queue | Villager (Male) |
| 15:57 | Build | Archery Range |
| 16:15 | Queue | Villager (Male) |
| 16:29 | Queue | Villager (Male) |
| 16:38 | Build | Archery Range |
| 16:42 | Research | Wheelbarrow |
| 16:43 | Queue | Villager (Male) |
| 16:55 | Build | Gate |
| 16:58 | Queue | Villager (Male) |
| 17:02 | Queue | Archer |
| 17:08 | Build | Siege Workshop |
| 17:18 | Queue | Villager (Male) |
| 17:31 | Queue | Archer |
| 17:32 | Queue | Archer |
| 17:57 | Build | Mining Camp |
| 17:59 | Queue | Mangonel |
| 18:04 | Queue | Archer |
| 18:13 | Research | Loom |
| 18:18 | Build | House |
| 18:19 | Build | House |
| 18:28 | Queue | Villager (Male) |
| 18:37 | Build | Lumber Camp |
| 18:55 | Queue | Villager (Male) |
| 18:58 | Queue | Villager (Male) |
| 18:58 | Queue | Villager (Male) |
| 19:00 | Queue | Battering Ram |
| 19:09 | Queue | Villager (Male) |
| 19:18 | Build | Farm |
| 19:20 | Build | Farm |
| 19:24 | Build | House |
| 19:26 | Build | House |
| 19:28 | Queue | Archer |
| 19:28 | Queue | Archer |
| 19:39 | Queue | Villager (Male) |
| 19:39 | Queue | Villager (Male) |
| 19:45 | Build | Farm |
| 19:47 | Build | Farm |
| 19:49 | Queue | Villager (Male) |
| 20:08 | Queue | Villager (Male) |
| 20:10 | Queue | Battering Ram |
| 20:12 | Queue | Archer |
| 20:12 | Queue | Archer |
| 20:21 | Research | Crossbowman (upgrade) |
| 20:53 | Queue | Archer |
| 20:53 | Queue | Archer |
| 21:01 | Research | Bodkin Arrow |
| 21:01 | Research | Bodkin Arrow |
| 21:40 | Queue | Villager (Male) |
| 21:41 | Queue | Archer |
| 21:41 | Queue | Archer |
| 21:46 | Queue | Villager (Male) |
| 21:47 | Queue | Villager (Male) |
| 21:54 | Build | Mill |
| 21:54 | Build | Farm |
| 21:55 | Build | Farm |
| 21:55 | Build | Farm |
| 21:55 | Build | Farm |
| 21:55 | Build | Farm |
| 21:56 | Build | Farm |
| 21:56 | Build | Farm |
| 21:58 | Build | Farm |
| 22:03 | Research | Horse Collar |
| 22:03 | Research | Horse Collar |
| 22:04 | Queue | Villager (Male) |
| 22:10 | Queue | Battering Ram |
| 22:17 | Queue | Archer |
| 22:17 | Queue | Archer |
| 22:19 | Queue | Archer |
| 22:39 | Queue | Archer |
| 22:57 | Queue | Archer |
| 22:57 | Queue | Archer |
| 23:04 | Build | Farm |
| 23:05 | Build | Farm |
| 23:07 | Build | Farm |
| 23:09 | Build | House |
| 23:10 | Build | House |
| 23:10 | Build | House |
| 23:11 | Build | House |
| 23:37 | Queue | Archer |
Build order — CTM | chiwire
First 150 of 378 actions detected
| 0:02 | Build | House |
| 0:03 | Build | House |
| 0:04 | Queue | Villager (Male) |
| 0:04 | Queue | Villager (Male) |
| 0:04 | Queue | Villager (Male) |
| 0:15 | Queue | Villager (Male) |
| 1:30 | Queue | Villager (Male) |
| 1:54 | Build | Lumber Camp |
| 2:08 | Queue | Villager (Male) |
| 2:08 | Queue | Villager (Male) |
| 2:08 | Queue | Villager (Male) |
| 2:50 | Queue | Villager (Male) |
| 2:50 | Queue | Villager (Male) |
| 3:07 | Build | House |
| 3:08 | Build | House |
| 3:44 | Queue | Villager (Male) |
| 3:44 | Queue | Villager (Male) |
| 3:44 | Queue | Villager (Male) |
| 4:12 | Queue | Villager (Male) |
| 4:12 | Queue | Villager (Male) |
| 4:44 | Queue | Villager (Male) |
| 4:44 | Queue | Villager (Male) |
| 5:45 | Queue | Villager (Male) |
| 5:45 | Queue | Villager (Male) |
| 5:53 | Build | Mill |
| 6:30 | Queue | Villager (Male) |
| 6:30 | Queue | Villager (Male) |
| 7:19 | Build | Mining Camp |
| 7:31 | Research | Feudal Age |
| 8:31 | Queue | Villager (Male) |
| 8:31 | Queue | Villager (Male) |
| 8:31 | Research | Loom |
| 8:53 | Build | Farm |
| 9:44 | Age | Feudal Age |
| 9:50 | Build | Market |
| 9:54 | Build | Blacksmith |
| 11:02 | Research | Castle Age |
| 11:02 | Research | Castle Age |
| 13:00 | Queue | Villager (Male) |
| 13:00 | Queue | Villager (Male) |
| 13:42 | Age | Castle Age |
| 14:35 | Queue | Villager (Male) |
| 14:35 | Queue | Villager (Male) |
| 14:38 | Build | House |
| 14:39 | Build | House |
| 14:46 | Build | Farm |
| 14:47 | Build | Farm |
| 14:50 | Build | Farm |
| 14:51 | Build | Farm |
| 14:53 | Queue | Villager (Male) |
| 16:14 | Build | Siege Workshop |
| 16:20 | Build | Monastery |
| 16:31 | Build | Monastery |
| 16:34 | Queue | Villager (Male) |
| 16:34 | Queue | Villager (Male) |
| 16:53 | Queue | Villager (Male) |
| 17:04 | Research | Horse Collar |
| 17:13 | Queue | Battering Ram |
| 17:13 | Queue | Battering Ram |
| 17:19 | Build | Monastery |
| 17:29 | Research | Gold Mining |
| 17:40 | Research | Sanctity |
| 17:42 | Queue | Monk |
| 17:50 | Build | House |
| 17:52 | Queue | Villager (Male) |
| 18:18 | Queue | Villager (Male) |
| 18:31 | Research | Redemption |
| 18:32 | Queue | Monk |
| 18:38 | Queue | Battering Ram |
| 18:39 | Queue | Villager (Male) |
| 18:49 | Build | House |
| 18:58 | Queue | Monk |
| 18:58 | Queue | Villager (Male) |
| 19:08 | Build | House |
| 19:09 | Build | House |
| 19:21 | Queue | Monk |
| 19:21 | Queue | Monk |
| 19:24 | Queue | Villager (Male) |
| 19:48 | Queue | Villager (Male) |
| 19:52 | Queue | Monk |
| 19:57 | Build | House |
| 19:58 | Build | House |
| 20:00 | Queue | Monk |
| 20:00 | Queue | Monk |
| 20:07 | Queue | Monk |
| 20:08 | Queue | Villager (Male) |
| 20:09 | Queue | Battering Ram |
| 20:35 | Queue | Monk |
| 20:35 | Queue | Monk |
| 20:35 | Queue | Villager (Male) |
| 20:36 | Queue | Villager (Male) |
| 20:55 | Queue | Battering Ram |
| 20:57 | Queue | Monk |
| 21:30 | Queue | Monk |
| 21:31 | Queue | Monk |
| 21:31 | Queue | Villager (Male) |
| 21:31 | Queue | Villager (Male) |
| 21:32 | Queue | Villager (Male) |
| 21:48 | Build | House |
| 21:49 | Build | House |
| 22:15 | Queue | Battering Ram |
| 22:17 | Queue | Monk |
| 22:17 | Queue | Monk |
| 22:18 | Queue | Villager (Male) |
| 22:33 | Queue | Villager (Male) |
| 22:33 | Queue | Villager (Male) |
| 22:43 | Queue | Battering Ram |
| 23:22 | Queue | Monk |
| 23:23 | Queue | Villager (Male) |
| 23:23 | Queue | Villager (Male) |
| 23:37 | Queue | Villager (Male) |
| 23:38 | Queue | Villager (Male) |
| 23:42 | Queue | Battering Ram |
| 23:42 | Queue | Battering Ram |
| 23:47 | Build | Town Center |
| 23:50 | Build | Town Center |
| 24:10 | Queue | Monk |
| 24:12 | Queue | Villager (Male) |
| 24:12 | Queue | Villager (Male) |
| 24:36 | Queue | Villager (Male) |
| 24:39 | Queue | Villager (Male) |
| 24:43 | Queue | Mangonel |
| 25:04 | Queue | Villager (Male) |
| 25:30 | Queue | Villager (Male) |
| 25:31 | Queue | Villager (Male) |
| 25:33 | Queue | Monk |
| 25:33 | Queue | Monk |
| 25:34 | Build | House |
| 25:35 | Build | House |
| 26:04 | Queue | Monk |
| 26:05 | Queue | Monk |
| 26:05 | Queue | Monk |
| 26:06 | Queue | Villager (Male) |
| 26:34 | Queue | Battering Ram |
| 26:34 | Queue | Battering Ram |
| 26:35 | Queue | Villager (Male) |
| 26:36 | Queue | Villager (Male) |
| 26:38 | Build | Farm |
| 26:38 | Build | Farm |
| 26:38 | Build | Farm |
| 26:38 | Build | Farm |
| 26:39 | Build | Farm |
| 26:39 | Build | Farm |
| 26:40 | Queue | Villager (Male) |
| 26:44 | Build | Farm |
| 26:44 | Build | Farm |
| 26:44 | Build | Farm |
| 26:44 | Build | Farm |
| 27:03 | Queue | Battering Ram |
| 27:04 | Queue | Villager (Male) |
Build order — Squittlez
First 150 of 332 actions detected
| 0:00 | Queue | Villager (Male) |
| 0:00 | Queue | Villager (Male) |
| 0:02 | Build | House |
| 0:04 | Build | House |
| 0:08 | Queue | Villager (Male) |
| 0:09 | Queue | Villager (Male) |
| 1:29 | Queue | Villager (Male) |
| 1:44 | Queue | Villager (Male) |
| 1:49 | Build | Lumber Camp |
| 2:15 | Queue | Villager (Male) |
| 2:15 | Queue | Villager (Male) |
| 2:35 | Queue | Villager (Male) |
| 3:05 | Queue | Villager (Male) |
| 3:05 | Queue | Villager (Male) |
| 3:21 | Queue | Villager (Male) |
| 3:31 | Build | House |
| 3:32 | Build | House |
| 3:33 | Build | House |
| 4:02 | Queue | Villager (Male) |
| 4:04 | Queue | Villager (Male) |
| 4:23 | Build | Mill |
| 4:38 | Queue | Villager (Male) |
| 5:03 | Queue | Villager (Male) |
| 5:26 | Queue | Villager (Male) |
| 5:48 | Queue | Villager (Male) |
| 6:16 | Queue | Villager (Male) |
| 6:48 | Queue | Villager (Male) |
| 7:17 | Queue | Villager (Male) |
| 7:35 | Queue | Villager (Male) |
| 8:00 | Build | Mining Camp |
| 8:13 | Research | Feudal Age |
| 8:46 | Build | Farm |
| 8:47 | Build | Farm |
| 8:50 | Build | Farm |
| 9:45 | Build | House |
| 9:47 | Research | Loom |
| 10:25 | Queue | Villager (Male) |
| 10:25 | Queue | Villager (Male) |
| 10:30 | Age | Feudal Age |
| 10:35 | Build | Market |
| 10:50 | Queue | Villager (Male) |
| 11:25 | Build | Market |
| 11:28 | Build | Blacksmith |
| 12:20 | Build | Stone Wall |
| 12:28 | Build | Stone Wall |
| 12:31 | Build | Stone Wall |
| 12:43 | Queue | Villager (Male) |
| 13:00 | Research | Castle Age |
| 13:04 | Build | Stone Wall |
| 13:07 | Build | Stone Wall |
| 13:47 | Research | Double-Bit Axe |
| 13:48 | Research | Horse Collar |
| 13:58 | Build | Lumber Camp |
| 14:54 | Build | Stone Wall |
| 15:01 | Queue | Villager (Male) |
| 15:47 | Build | Stone Wall |
| 15:48 | Age | Castle Age |
| 15:50 | Build | Stone Wall |
| 16:08 | Build | Siege Workshop |
| 16:24 | Queue | Villager (Male) |
| 16:33 | Build | Town Center |
| 16:45 | Queue | Villager (Male) |
| 16:57 | Build | Town Center |
| 17:14 | Build | Stone Wall |
| 17:38 | Queue | Villager (Male) |
| 17:41 | Research | Bow Saw |
| 17:54 | Queue | Villager (Male) |
| 18:09 | Queue | Villager (Male) |
| 18:16 | Build | Farm |
| 18:19 | Queue | Villager (Male) |
| 18:33 | Queue | Villager (Male) |
| 18:39 | Queue | Villager (Male) |
| 18:39 | Queue | Villager (Male) |
| 18:47 | Queue | Villager (Male) |
| 18:55 | Queue | Villager (Male) |
| 18:56 | Queue | Villager (Male) |
| 19:13 | Queue | Villager (Male) |
| 19:36 | Queue | Villager (Male) |
| 19:38 | Build | Farm |
| 19:40 | Build | Farm |
| 19:53 | Build | Farm |
| 19:55 | Build | Farm |
| 20:07 | Queue | Villager (Male) |
| 20:16 | Build | Farm |
| 20:18 | Build | Farm |
| 20:24 | Build | Farm |
| 20:25 | Build | Farm |
| 20:25 | Build | Farm |
| 20:26 | Build | Farm |
| 20:26 | Build | Farm |
| 20:45 | Queue | Villager (Male) |
| 20:49 | Build | Farm |
| 20:50 | Queue | Villager (Male) |
| 21:19 | Queue | Villager (Male) |
| 21:21 | Build | Farm |
| 21:24 | Build | Farm |
| 21:34 | Build | Farm |
| 21:35 | Queue | Villager (Male) |
| 21:36 | Queue | Villager (Male) |
| 21:48 | Queue | Villager (Male) |
| 21:51 | Build | Farm |
| 21:54 | Build | Farm |
| 22:00 | Build | House |
| 22:02 | Build | House |
| 22:02 | Build | House |
| 22:07 | Queue | Villager (Male) |
| 22:11 | Queue | Villager (Male) |
| 22:32 | Build | Farm |
| 22:42 | Queue | Villager (Male) |
| 22:42 | Queue | Villager (Male) |
| 22:45 | Build | Farm |
| 22:47 | Queue | Villager (Male) |
| 22:54 | Queue | Villager (Male) |
| 22:58 | Queue | Villager (Male) |
| 23:03 | Build | Farm |
| 23:27 | Queue | Villager (Male) |
| 23:27 | Queue | Villager (Male) |
| 23:37 | Build | House |
| 23:38 | Build | House |
| 23:39 | Queue | Villager (Male) |
| 23:39 | Queue | Villager (Male) |
| 23:42 | Build | Farm |
| 23:55 | Queue | Villager (Male) |
| 24:00 | Research | Gold Mining |
| 24:03 | Queue | Villager (Male) |
| 24:08 | Queue | Villager (Male) |
| 24:11 | Build | Farm |
| 24:17 | Build | Farm |
| 24:20 | Build | Farm |
| 24:23 | Build | Farm |
| 24:26 | Queue | Villager (Male) |
| 24:29 | Build | Farm |
| 24:30 | Queue | Villager (Male) |
| 24:35 | Queue | Villager (Male) |
| 24:41 | Queue | Villager (Male) |
| 24:42 | Queue | Villager (Male) |
| 25:12 | Queue | Villager (Male) |
| 25:12 | Queue | Villager (Male) |
| 25:20 | Queue | Villager (Male) |
| 25:36 | Queue | Villager (Male) |
| 25:40 | Build | Farm |
| 25:50 | Build | House |
| 25:51 | Build | House |
| 26:00 | Build | House |
| 26:09 | Build | Farm |
| 26:17 | Queue | Villager (Male) |
| 26:18 | Queue | Villager (Male) |
| 26:18 | Queue | Villager (Male) |
| 26:19 | Research | Town Watch |
| 26:34 | Build | Castle |
Build order — PMMePizza
First 150 of 374 actions detected
| 0:05 | Build | House |
| 0:07 | Build | House |
| 0:16 | Queue | Villager (Male) |
| 0:16 | Queue | Villager (Male) |
| 0:16 | Queue | Villager (Male) |
| 0:17 | Queue | Villager (Male) |
| 0:39 | Queue | Villager (Male) |
| 1:44 | Queue | Villager (Male) |
| 1:53 | Build | Lumber Camp |
| 2:07 | Queue | Villager (Male) |
| 2:11 | Queue | Villager (Male) |
| 3:27 | Queue | Villager (Male) |
| 3:32 | Build | House |
| 3:44 | Queue | Villager (Male) |
| 3:45 | Queue | Villager (Male) |
| 4:16 | Queue | Villager (Male) |
| 4:16 | Queue | Villager (Male) |
| 4:35 | Queue | Villager (Male) |
| 4:55 | Queue | Villager (Male) |
| 5:10 | Build | House |
| 5:37 | Queue | Villager (Male) |
| 5:39 | Queue | Villager (Male) |
| 5:57 | Build | Mill |
| 6:35 | Queue | Villager (Male) |
| 6:37 | Queue | Villager (Male) |
| 7:09 | Queue | Villager (Male) |
| 7:42 | Build | Mining Camp |
| 7:46 | Research | Feudal Age |
| 8:07 | Queue | Villager (Male) |
| 8:07 | Queue | Villager (Male) |
| 9:53 | Age | Feudal Age |
| 9:55 | Build | Market |
| 9:57 | Build | Blacksmith |
| 10:51 | Research | Castle Age |
| 11:28 | Queue | Villager (Male) |
| 11:28 | Queue | Villager (Male) |
| 11:31 | Research | Double-Bit Axe |
| 11:32 | Research | Horse Collar |
| 11:52 | Queue | Villager (Male) |
| 11:58 | Build | House |
| 12:00 | Build | House |
| 13:16 | Age | Castle Age |
| 13:18 | Queue | Villager (Male) |
| 13:23 | Build | Town Center |
| 13:28 | Build | Town Center |
| 13:44 | Queue | Villager (Male) |
| 14:02 | Build | Farm |
| 14:04 | Build | Farm |
| 14:09 | Build | Farm |
| 14:12 | Queue | Villager (Male) |
| 14:24 | Build | Farm |
| 14:27 | Queue | Villager (Male) |
| 14:47 | Research | Loom |
| 14:48 | Queue | Villager (Male) |
| 15:02 | Queue | Villager (Male) |
| 15:05 | Queue | Villager (Male) |
| 15:07 | Queue | Villager (Male) |
| 15:10 | Build | Farm |
| 15:12 | Build | Farm |
| 15:24 | Build | Siege Workshop |
| 15:41 | Build | Farm |
| 15:43 | Build | Farm |
| 15:46 | Build | Farm |
| 15:50 | Queue | Villager (Male) |
| 16:09 | Build | Farm |
| 16:10 | Build | Farm |
| 16:11 | Build | Farm |
| 16:18 | Build | House |
| 16:28 | Queue | Villager (Male) |
| 16:30 | Queue | Villager (Male) |
| 16:46 | Queue | Mangonel |
| 16:51 | Queue | Villager (Male) |
| 16:55 | Build | Farm |
| 16:57 | Build | Farm |
| 17:00 | Build | Farm |
| 17:01 | Queue | Villager (Male) |
| 17:17 | Queue | Villager (Male) |
| 17:21 | Queue | Villager (Male) |
| 17:30 | Build | Farm |
| 17:31 | Build | Farm |
| 18:02 | Queue | Villager (Male) |
| 18:02 | Queue | Villager (Male) |
| 18:03 | Queue | Villager (Male) |
| 18:17 | Queue | Villager (Male) |
| 18:18 | Queue | Villager (Male) |
| 18:27 | Queue | Villager (Male) |
| 18:31 | Queue | Villager (Male) |
| 18:46 | Build | Farm |
| 18:47 | Build | Farm |
| 18:47 | Build | Farm |
| 18:47 | Build | Farm |
| 18:50 | Build | Farm |
| 18:50 | Build | Farm |
| 18:50 | Build | Farm |
| 18:50 | Build | Farm |
| 18:51 | Build | Farm |
| 19:00 | Queue | Villager (Male) |
| 19:01 | Queue | Villager (Male) |
| 19:01 | Queue | Villager (Male) |
| 19:47 | Queue | Villager (Male) |
| 19:47 | Queue | Villager (Male) |
| 19:47 | Queue | Villager (Male) |
| 19:51 | Build | House |
| 19:52 | Build | House |
| 19:52 | Build | House |
| 20:04 | Queue | Mangonel |
| 20:07 | Queue | Villager (Male) |
| 20:09 | Queue | Villager (Male) |
| 20:10 | Queue | Villager (Male) |
| 20:12 | Research | Wheelbarrow |
| 20:17 | Build | House |
| 20:17 | Build | House |
| 20:18 | Build | House |
| 20:44 | Queue | Villager (Male) |
| 20:44 | Queue | Villager (Male) |
| 20:44 | Queue | Villager (Male) |
| 20:44 | Queue | Villager (Male) |
| 20:52 | Research | Gold Mining |
| 21:20 | Queue | Villager (Male) |
| 21:20 | Queue | Villager (Male) |
| 21:20 | Queue | Villager (Male) |
| 21:24 | Research | Bow Saw |
| 21:40 | Queue | Villager (Male) |
| 21:40 | Queue | Villager (Male) |
| 21:41 | Queue | Villager (Male) |
| 22:04 | Queue | Mangonel |
| 22:04 | Queue | Villager (Male) |
| 22:04 | Queue | Villager (Male) |
| 22:05 | Queue | Villager (Male) |
| 22:20 | Queue | Villager (Male) |
| 22:21 | Queue | Villager (Male) |
| 22:21 | Queue | Villager (Male) |
| 22:40 | Queue | Villager (Male) |
| 22:40 | Queue | Villager (Male) |
| 22:41 | Queue | Villager (Male) |
| 22:47 | Build | Mill |
| 22:48 | Build | Farm |
| 22:48 | Build | Farm |
| 22:48 | Build | Farm |
| 22:48 | Build | Farm |
| 22:48 | Build | Farm |
| 22:49 | Build | Farm |
| 22:49 | Build | Farm |
| 22:49 | Build | Farm |
| 22:55 | Queue | Villager (Male) |
| 22:55 | Queue | Villager (Male) |
| 22:55 | Queue | Villager (Male) |
| 23:00 | Build | House |
| 23:00 | Build | House |
| 23:19 | Queue | Villager (Male) |
Build order — PSX | King
First 150 of 328 actions detected
| 0:00 | Queue | Villager (Male) |
| 0:00 | Queue | Villager (Male) |
| 0:01 | Queue | Villager (Male) |
| 0:01 | Queue | Villager (Male) |
| 0:02 | Build | House |
| 0:03 | Build | House |
| 1:16 | Queue | Villager (Male) |
| 1:16 | Queue | Villager (Male) |
| 1:43 | Build | Lumber Camp |
| 1:46 | Queue | Villager (Male) |
| 1:46 | Queue | Villager (Male) |
| 2:18 | Queue | Villager (Male) |
| 2:18 | Queue | Villager (Male) |
| 2:49 | Queue | Villager (Male) |
| 2:49 | Queue | Villager (Male) |
| 2:49 | Queue | Villager (Male) |
| 3:00 | Build | House |
| 3:08 | Queue | Villager (Male) |
| 3:09 | Queue | Villager (Male) |
| 4:11 | Queue | Villager (Male) |
| 4:12 | Queue | Villager (Male) |
| 4:14 | Queue | Villager (Male) |
| 4:14 | Queue | Villager (Male) |
| 4:15 | Queue | Villager (Male) |
| 4:31 | Queue | Villager (Male) |
| 5:05 | Queue | Villager (Male) |
| 5:05 | Queue | Villager (Male) |
| 5:05 | Queue | Villager (Male) |
| 5:07 | Build | Mill |
| 6:05 | Research | Loom |
| 7:03 | Queue | Villager (Male) |
| 7:04 | Research | Feudal Age |
| 7:45 | Build | House |
| 7:56 | Build | Mining Camp |
| 8:22 | Queue | Villager (Male) |
| 8:51 | Build | House |
| 9:15 | Age | Feudal Age |
| 9:16 | Research | Double-Bit Axe |
| 9:16 | Research | Double-Bit Axe |
| 9:18 | Build | Blacksmith |
| 9:25 | Queue | Villager (Male) |
| 9:32 | Build | Watch Tower |
| 9:56 | Queue | Villager (Male) |
| 10:12 | Queue | Villager (Male) |
| 10:13 | Research | Fletching |
| 10:54 | Queue | Villager (Male) |
| 11:23 | Queue | Villager (Male) |
| 11:24 | Queue | Villager (Male) |
| 11:27 | Build | House |
| 11:51 | Build | Watch Tower |
| 11:53 | Queue | Villager (Male) |
| 11:59 | Build | House |
| 11:59 | Build | House |
| 12:33 | Queue | Villager (Male) |
| 12:49 | Queue | Villager (Male) |
| 13:05 | Build | Market |
| 13:28 | Build | Mining Camp |
| 13:45 | Queue | Villager (Male) |
| 13:55 | Build | Farm |
| 14:13 | Queue | Villager (Male) |
| 14:27 | Build | Watch Tower |
| 14:37 | Build | Farm |
| 14:38 | Queue | Villager (Male) |
| 14:53 | Build | House |
| 14:57 | Build | Farm |
| 15:22 | Queue | Villager (Male) |
| 15:25 | Build | Watch Tower |
| 15:33 | Build | Farm |
| 15:58 | Queue | Villager (Male) |
| 16:26 | Build | Farm |
| 16:27 | Build | Farm |
| 16:29 | Build | Farm |
| 16:57 | Research | Castle Age |
| 16:57 | Research | Castle Age |
| 17:57 | Queue | Villager (Male) |
| 19:07 | Build | Watch Tower |
| 19:37 | Age | Castle Age |
| 19:41 | Research | Bodkin Arrow |
| 19:51 | Queue | Villager (Male) |
| 19:54 | Build | Watch Tower |
| 20:20 | Queue | Villager (Male) |
| 20:25 | Build | Farm |
| 20:25 | Build | Farm |
| 20:25 | Build | Farm |
| 20:26 | Build | Farm |
| 20:26 | Build | Farm |
| 20:26 | Build | Farm |
| 20:26 | Build | Farm |
| 20:26 | Build | Farm |
| 20:33 | Build | Town Center |
| 20:37 | Queue | Villager (Male) |
| 20:44 | Build | University |
| 20:54 | Research | Bow Saw |
| 20:54 | Research | Bow Saw |
| 21:23 | Build | Watch Tower |
| 21:37 | Queue | Villager (Male) |
| 21:52 | Queue | Villager (Male) |
| 22:13 | Build | Watch Tower |
| 22:33 | Research | Ballistics |
| 22:34 | Queue | Villager (Male) |
| 22:50 | Build | Watch Tower |
| 23:17 | Queue | Villager (Male) |
| 23:17 | Queue | Villager (Male) |
| 23:21 | Queue | Villager (Male) |
| 23:21 | Queue | Villager (Male) |
| 23:22 | Build | Farm |
| 23:38 | Build | Watch Tower |
| 23:54 | Build | Watch Tower |
| 24:01 | Queue | Villager (Male) |
| 24:11 | Research | Horse Collar |
| 24:12 | Research | Horse Collar |
| 24:13 | Queue | Villager (Male) |
| 24:22 | Research | Murder Holes |
| 24:23 | Queue | Villager (Male) |
| 24:42 | Queue | Villager (Male) |
| 24:58 | Build | Watch Tower |
| 25:00 | Build | House |
| 25:00 | Build | House |
| 25:03 | Build | Stone Wall |
| 25:33 | Queue | Villager (Male) |
| 25:34 | Queue | Villager (Male) |
| 25:36 | Queue | Villager (Male) |
| 25:39 | Research | Wheelbarrow |
| 26:11 | Build | Watch Tower |
| 26:14 | Queue | Villager (Male) |
| 26:17 | Build | Farm |
| 26:17 | Build | Farm |
| 26:17 | Build | Farm |
| 26:18 | Build | Farm |
| 26:21 | Research | Stone Mining |
| 26:22 | Queue | Villager (Male) |
| 26:27 | Research | Treadmill Crane |
| 26:28 | Research | Treadmill Crane |
| 26:35 | Build | Stone Wall |
| 26:36 | Build | Stone Wall |
| 26:40 | Build | Stone Wall |
| 26:41 | Build | Stone Wall |
| 26:43 | Build | Stone Wall |
| 26:45 | Queue | Villager (Male) |
| 26:45 | Queue | Villager (Male) |
| 26:57 | Queue | Villager (Male) |
| 27:27 | Queue | Villager (Male) |
| 27:42 | Build | Watch Tower |
| 27:50 | Build | Stone Wall |
| 27:52 | Queue | Villager (Male) |
| 28:06 | Research | Gold Mining |
| 28:06 | Research | Heavy Plow |
| 28:09 | Queue | Villager (Male) |
| 28:09 | Queue | Villager (Male) |
| 28:26 | Build | Mining Camp |
Build order — Josephine Explosiphine
First 150 of 187 actions detected
| 0:01 | Queue | Villager (Male) ×4 |
| 0:03 | Build | House |
| 0:05 | Build | House |
| 1:29 | Queue | Villager (Male) |
| 1:29 | Queue | Villager (Male) |
| 1:52 | Queue | Villager (Male) |
| 1:52 | Queue | Villager (Male) |
| 2:24 | Build | Lumber Camp |
| 2:38 | Queue | Villager (Male) |
| 2:39 | Queue | Villager (Male) |
| 2:39 | Queue | Villager (Male) |
| 2:51 | Queue | Villager (Male) |
| 2:52 | Queue | Villager (Male) |
| 3:38 | Queue | Villager (Male) |
| 3:38 | Queue | Villager (Male) |
| 3:38 | Queue | Villager (Male) |
| 4:18 | Build | Mill |
| 4:26 | Queue | Villager (Male) |
| 4:27 | Queue | Villager (Male) |
| 4:27 | Queue | Villager (Male) |
| 4:31 | Queue | Villager (Male) |
| 4:31 | Queue | Villager (Male) |
| 5:32 | Queue | Villager (Male) |
| 5:32 | Queue | Villager (Male) |
| 5:33 | Queue | Villager (Male) |
| 5:36 | Build | House |
| 5:39 | Build | House |
| 5:53 | Queue | Villager (Male) |
| 5:53 | Queue | Villager (Male) |
| 6:17 | Queue | Villager (Male) |
| 6:18 | Queue | Villager (Male) |
| 6:35 | Queue | Villager (Male) |
| 6:36 | Queue | Villager (Male) |
| 6:36 | Queue | Villager (Male) |
| 7:06 | Build | Farm |
| 7:19 | Queue | Villager (Male) |
| 7:19 | Queue | Villager (Male) |
| 7:27 | Build | Lumber Camp |
| 7:35 | Queue | Villager (Male) |
| 7:35 | Queue | Villager (Male) |
| 7:56 | Queue | Villager (Male) |
| 8:22 | Build | Mining Camp |
| 8:58 | Research | Feudal Age |
| 10:11 | Build | Barracks |
| 10:37 | Queue | Villager (Male) |
| 10:37 | Queue | Villager (Male) |
| 11:12 | Age | Feudal Age |
| 11:15 | Build | Stable |
| 11:18 | Build | Blacksmith |
| 11:40 | Research | Double-Bit Axe |
| 12:11 | Queue | Villager (Male) |
| 12:17 | Queue | Villager (Male) |
| 12:53 | Research | Horse Collar |
| 13:13 | Research | Castle Age |
| 13:13 | Research | Castle Age |
| 14:09 | Build | Mining Camp |
| 14:48 | Build | Farm |
| 14:50 | Build | House |
| 15:05 | Build | Farm |
| 15:14 | Build | House |
| 15:15 | Build | House |
| 15:32 | Research | Gold Mining |
| 15:53 | Age | Castle Age |
| 15:57 | Research | Heavy Plow |
| 15:58 | Research | Bow Saw |
| 16:01 | Queue | Villager (Male) |
| 16:08 | Build | Farm |
| 16:11 | Build | Farm |
| 16:14 | Build | Farm |
| 16:19 | Build | Farm |
| 16:27 | Build | Farm |
| 16:34 | Build | Farm |
| 16:38 | Build | Mill |
| 16:40 | Queue | Villager (Male) |
| 16:46 | Queue | Villager (Male) |
| 17:00 | Build | Town Center |
| 17:06 | Queue | Villager (Male) |
| 17:21 | Queue | Villager (Male) |
| 17:28 | Queue | Villager (Male) |
| 17:33 | Build | Farm |
| 17:34 | Build | Farm |
| 17:49 | Queue | Villager (Male) |
| 17:57 | Queue | Villager (Male) |
| 17:58 | Queue | Villager (Male) |
| 18:06 | Build | Farm |
| 18:17 | Queue | Villager (Male) |
| 18:25 | Queue | Villager (Male) |
| 18:26 | Queue | Villager (Male) |
| 18:43 | Build | Farm |
| 18:48 | Build | Farm |
| 19:02 | Build | Castle |
| 19:13 | Build | Stable |
| 19:14 | Build | Stable |
| 19:16 | Queue | Villager (Male) |
| 19:17 | Queue | Villager (Male) |
| 19:21 | Build | Farm |
| 19:32 | Build | Mill |
| 19:34 | Queue | Villager (Male) |
| 19:43 | Build | Farm |
| 19:43 | Build | Farm |
| 19:43 | Build | Farm |
| 19:47 | Build | Farm |
| 19:49 | Build | Farm |
| 19:51 | Queue | Villager (Male) |
| 19:51 | Queue | Villager (Male) |
| 19:54 | Build | Farm |
| 20:13 | Research | Forging |
| 20:21 | Build | Stone Wall |
| 20:38 | Queue | Obuch |
| 20:38 | Queue | Obuch |
| 20:38 | Queue | Obuch |
| 20:41 | Research | Scale Barding Armor |
| 20:54 | Queue | Obuch |
| 20:55 | Queue | Obuch |
| 21:07 | Queue | Scout Cavalry |
| 21:08 | Queue | Scout Cavalry |
| 21:08 | Queue | Scout Cavalry |
| 21:08 | Queue | Scout Cavalry |
| 21:10 | Build | Stable |
| 21:14 | Queue | Scout Cavalry |
| 21:14 | Queue | Scout Cavalry |
| 21:27 | Queue | Villager (Male) |
| 21:27 | Queue | Villager (Male) |
| 21:41 | Queue | Scout Cavalry |
| 21:41 | Queue | Scout Cavalry |
| 21:41 | Queue | Scout Cavalry |
| 21:44 | Research | Iron Casting |
| 21:56 | Build | Market |
| 22:02 | Build | Market |
| 22:06 | Queue | Scout Cavalry |
| 22:06 | Queue | Scout Cavalry |
| 22:06 | Queue | Scout Cavalry |
| 22:14 | Build | Market |
| 22:32 | Queue | Scout Cavalry |
| 22:32 | Queue | Scout Cavalry |
| 23:16 | Queue | Scout Cavalry |
| 23:17 | Queue | Scout Cavalry |
| 23:17 | Queue | Scout Cavalry |
| 24:07 | Build | Mining Camp |
| 24:15 | Queue | Scout Cavalry |
| 24:15 | Queue | Scout Cavalry |
| 24:16 | Queue | Scout Cavalry |
| 24:53 | Build | Market |
| 24:57 | Build | Mining Camp |
| 25:07 | Build | Lumber Camp |
| 26:46 | Build | Town Center |
| 27:49 | Build | Town Center |
| 28:11 | Build | Gate |
| 28:25 | Research | Light Cavalry (upgrade) |
| 28:28 | Build | University |
Build order — CTM | Franco*
First 150 of 346 actions detected
| 0:01 | Queue | Villager (Male) |
| 0:01 | Queue | Villager (Male) |
| 0:01 | Queue | Villager (Male) |
| 0:02 | Queue | Villager (Male) |
| 0:03 | Build | House |
| 0:05 | Build | House |
| 1:32 | Queue | Villager (Male) |
| 1:32 | Queue | Villager (Male) |
| 1:58 | Build | House |
| 2:00 | Build | House |
| 2:05 | Queue | Villager (Male) |
| 2:05 | Queue | Villager (Male) |
| 2:23 | Build | Lumber Camp |
| 2:29 | Queue | Villager (Male) |
| 2:29 | Queue | Villager (Male) |
| 2:54 | Queue | Villager (Male) |
| 2:54 | Queue | Villager (Male) |
| 3:26 | Queue | Villager (Male) |
| 3:26 | Queue | Villager (Male) |
| 3:44 | Queue | Villager (Male) |
| 3:44 | Queue | Villager (Male) |
| 4:09 | Queue | Villager (Male) |
| 4:09 | Queue | Villager (Male) |
| 4:33 | Queue | Villager (Male) |
| 4:33 | Queue | Villager (Male) |
| 4:33 | Queue | Villager (Male) |
| 5:08 | Queue | Villager (Male) |
| 5:54 | Queue | Villager (Male) |
| 5:54 | Queue | Villager (Male) |
| 6:29 | Build | Mill |
| 6:30 | Queue | Villager (Male) |
| 6:55 | Queue | Villager (Male) |
| 7:11 | Queue | Villager (Male) |
| 7:40 | Build | House |
| 7:41 | Build | House |
| 7:45 | Queue | Villager (Male) |
| 7:48 | Queue | Villager (Male) |
| 8:12 | Build | Mining Camp |
| 8:31 | Queue | Villager (Male) |
| 8:54 | Queue | Villager (Male) |
| 8:59 | Queue | Villager (Male) |
| 9:42 | Queue | Villager (Male) |
| 9:50 | Queue | Villager (Male) |
| 10:36 | Research | Feudal Age |
| 11:12 | Build | Mining Camp |
| 11:14 | Research | Loom |
| 11:21 | Build | Farm |
| 11:21 | Build | Farm |
| 11:22 | Build | Farm |
| 11:22 | Build | Farm |
| 11:25 | Build | Farm |
| 11:27 | Build | Farm |
| 13:06 | Age | Feudal Age |
| 13:11 | Build | Market |
| 13:16 | Build | Blacksmith |
| 13:31 | Queue | Villager (Male) |
| 13:37 | Queue | Villager (Male) |
| 13:54 | Research | Double-Bit Axe |
| 14:13 | Research | Castle Age |
| 14:38 | Research | Horse Collar |
| 15:15 | Research | Gold Mining |
| 15:16 | Research | Stone Mining |
| 15:19 | Research | Stone Mining |
| 17:01 | Age | Castle Age |
| 17:04 | Research | Wheelbarrow |
| 17:05 | Queue | Villager (Male) |
| 17:08 | Research | Bow Saw |
| 17:13 | Build | Town Center |
| 17:21 | Build | Monastery |
| 17:26 | Build | House |
| 17:27 | Build | House |
| 17:28 | Build | House |
| 17:30 | Queue | Villager (Male) |
| 17:36 | Build | Town Center |
| 18:02 | Queue | Villager (Male) |
| 18:03 | Queue | Villager (Male) |
| 18:08 | Queue | Monk |
| 18:08 | Queue | Monk |
| 18:18 | Build | Farm |
| 18:19 | Build | Farm |
| 18:23 | Build | Farm |
| 18:26 | Queue | Villager (Male) |
| 18:26 | Queue | Villager (Male) |
| 18:31 | Build | Farm |
| 18:36 | Queue | Villager (Male) ×2 |
| 19:10 | Build | House |
| 19:11 | Build | House |
| 19:12 | Build | House |
| 19:26 | Queue | Villager (Male) |
| 19:26 | Queue | Villager (Male) |
| 19:43 | Queue | Villager (Male) |
| 19:47 | Queue | Villager (Male) |
| 19:56 | Build | Town Center |
| 20:01 | Queue | Villager (Male) |
| 20:02 | Queue | Villager (Male) |
| 20:29 | Queue | Villager (Male) |
| 20:30 | Queue | Villager (Male) |
| 20:35 | Queue | Villager (Male) |
| 20:38 | Build | Farm |
| 20:44 | Build | House |
| 20:45 | Build | House |
| 20:46 | Build | House |
| 20:59 | Queue | Villager (Male) |
| 21:08 | Build | Farm |
| 21:19 | Queue | Villager (Male) |
| 21:26 | Build | Lumber Camp |
| 21:26 | Queue | Villager (Male) |
| 21:27 | Queue | Villager (Male) |
| 21:29 | Build | Farm |
| 21:37 | Queue | Villager (Male) |
| 21:41 | Build | Farm |
| 21:43 | Queue | Villager (Male) |
| 21:55 | Queue | Villager (Male) |
| 22:02 | Build | Farm |
| 22:03 | Build | Farm |
| 22:05 | Build | Farm |
| 22:06 | Build | Farm |
| 22:09 | Build | Farm |
| 22:09 | Queue | Villager (Male) |
| 22:10 | Queue | Villager (Male) |
| 22:10 | Queue | Villager (Male) |
| 22:19 | Build | Farm |
| 22:28 | Queue | Villager (Male) |
| 22:42 | Queue | Villager (Male) |
| 22:42 | Queue | Villager (Male) |
| 22:48 | Queue | Villager (Male) |
| 22:53 | Build | Farm |
| 22:56 | Build | Farm |
| 23:12 | Queue | Villager (Male) |
| 23:12 | Queue | Villager (Male) |
| 23:13 | Queue | Villager (Male) |
| 23:19 | Queue | Villager (Male) |
| 23:20 | Queue | Villager (Male) |
| 23:23 | Build | Farm |
| 23:28 | Build | House |
| 23:29 | Build | House |
| 23:30 | Build | House |
| 23:31 | Queue | Villager (Male) |
| 23:32 | Queue | Villager (Male) |
| 23:34 | Build | Farm |
| 23:38 | Queue | Villager (Male) |
| 23:44 | Queue | Villager (Male) |
| 23:47 | Queue | Villager (Male) |
| 23:47 | Queue | Villager (Male) |
| 23:59 | Build | Castle |
| 23:59 | Queue | Villager (Male) |
| 24:00 | Queue | Villager (Male) |
| 24:04 | Queue | Villager (Male) |
| 24:10 | Queue | Villager (Male) |
| 24:15 | Build | Farm |
Match timeline
| 9:15 | PSX | King · age_up feudal |
| 9:44 | CTM | chiwire · age_up feudal |
| 9:53 | PMMePizza · age_up feudal |
| 10:11 | Josephine Explosiphine · first_building Barracks |
| 10:30 | Squittlez · age_up feudal |
| 10:36 | tiesiogsaras · age_up feudal |
| 10:54 | CTM | BenCF · age_up feudal |
| 11:12 | Josephine Explosiphine · age_up feudal |
| 11:15 | Josephine Explosiphine · first_building Stable |
| 12:10 | tiesiogsaras · first_building Barracks |
| 12:20 | Squittlez · wall_segment Stone Wall x1 |
| 12:28 | Squittlez · wall_segment Stone Wall x1 |
| 12:30 | CTM | BenCF · first_building Barracks |
| 12:31 | Squittlez · wall_segment Stone Wall x3 |
| 12:56 | Squittlez · first_market_sell 100 wood |
| 12:58 | Squittlez · first_market_buy 100 food |
| 13:04 | Squittlez · wall_segment Stone Wall x1 |
| 13:06 | CTM | Franco* · age_up feudal |
| 13:07 | Squittlez · wall_segment Stone Wall x9 |
| 13:16 | PMMePizza · age_up castle |
| 13:42 | CTM | chiwire · age_up castle |
| 14:11 | tiesiogsaras · age_up castle |
| 14:36 | CTM | BenCF · age_up castle |
| 14:54 | CTM | BenCF · first_building Castle |
| 14:54 | Squittlez · wall_segment Stone Wall x1 |
| 14:58 | tiesiogsaras · wall_segment Palisade Wall x1 |
| 15:00 | tiesiogsaras · wall_segment Palisade Wall x1 |
| 15:02 | tiesiogsaras · wall_segment Palisade Wall x1 |
| 15:03 | tiesiogsaras · wall_segment Palisade Wall x1 |
| 15:24 | PMMePizza · first_building Siege Workshop |
| 15:47 | Squittlez · wall_segment Stone Wall x1 |
| 15:48 | Squittlez · age_up castle |
| 15:50 | Squittlez · wall_segment Stone Wall x1 |
| 15:53 | Josephine Explosiphine · age_up castle |
| 15:57 | tiesiogsaras · first_building Archery Range |
| 16:08 | Squittlez · first_building Siege Workshop |
| 16:14 | CTM | chiwire · first_building Siege Workshop |
| 16:20 | CTM | chiwire · first_building Monastery |
| 16:35 | PSX | King · first_market_sell 100 stone |
| 17:01 | CTM | Franco* · age_up castle |
| 17:08 | tiesiogsaras · first_building Siege Workshop |
| 17:14 | Squittlez · wall_segment Stone Wall x1 |
| 17:21 | CTM | Franco* · first_building Monastery |
| 19:02 | Josephine Explosiphine · first_building Castle |
| 19:37 | PSX | King · age_up castle |
| 20:11 | CTM | BenCF · first_market_buy 100 food |
| 20:21 | Josephine Explosiphine · wall_segment Stone Wall x10 |
| 21:00 | tiesiogsaras · first_market_sell 100 wood |
| 22:03 | CTM | BenCF · first_building Siege Workshop |
| 22:32 | PSX | King · first_market_buy 100 wood |
| 23:59 | CTM | Franco* · first_building Castle |
| 24:00 | tiesiogsaras · first_market_buy 100 stone |
| 25:03 | PSX | King · wall_segment Stone Wall x1 |
| 26:04 | PMMePizza · first_building Monastery |
| 26:28 | PMMePizza · first_building Barracks |
| 26:34 | Squittlez · first_building Castle |
| 26:35 | PSX | King · wall_segment Stone Wall x5 |
| 26:36 | PSX | King · wall_segment Stone Wall x1 |
| 26:40 | PSX | King · wall_segment Stone Wall x10 |
| 26:41 | PSX | King · wall_segment Stone Wall x4 |
| 26:43 | PSX | King · wall_segment Stone Wall x1 |
| 27:15 | Squittlez · first_building Barracks |
| 27:35 | PMMePizza · first_building Stable |
| 27:44 | PMMePizza · first_market_buy 100 stone |
| 27:46 | PMMePizza · first_market_sell 100 food |
| 27:50 | PSX | King · wall_segment Stone Wall x1 |
| 27:52 | PMMePizza · first_building Castle |
| 28:04 | tiesiogsaras · wall_segment Stone Wall x6 |
| 28:08 | Squittlez · first_building Archery Range |
| 28:32 | Josephine Explosiphine · first_building Monastery |
| 29:12 | CTM | Franco* · first_building Barracks |
| 29:43 | PMMePizza · age_up imperial |
| 29:47 | CTM | chiwire · first_market_buy 100 wood |
| 29:49 | CTM | chiwire · first_market_sell 100 food |
| 30:55 | PMMePizza · wall_segment Stone Wall x1 |
| 30:59 | tiesiogsaras · age_up imperial |
| 31:00 | Squittlez · age_up imperial |
| 31:13 | PMMePizza · wall_segment Stone Wall x1 |
| 31:46 | CTM | Franco* · first_building Stable |
| 32:29 | Josephine Explosiphine · first_market_buy 100 wood |
| 32:37 | tiesiogsaras · resign |
| 32:38 | PSX | King · first_building Monastery |
| 33:06 | PSX | King · first_building Siege Workshop |
| 33:19 | CTM | Franco* · age_up imperial |
| 33:52 | CTM | chiwire · first_building Castle |
| 35:03 | PSX | King · first_building Barracks |
| 36:05 | PSX | King · first_building Archery Range |
| 37:03 | PSX | King · age_up imperial |
| 37:09 | Squittlez · wall_segment Stone Wall x1 |
| 37:10 | Squittlez · wall_segment Stone Wall x1 |
| 37:45 | CTM | Franco* · tribute_sent a jugador 1 |
| 37:45 | CTM | Franco* · tribute_sent a jugador 2 |
| 37:45 | CTM | Franco* · tribute_sent a jugador 3 |
| 37:45 | CTM | Franco* · tribute_sent a jugador 4 |
| 37:45 | CTM | Franco* · tribute_sent a jugador 5 |
| 37:45 | CTM | Franco* · tribute_sent a jugador 6 |
| 37:45 | CTM | Franco* · tribute_sent a jugador 7 |
| 38:18 | PSX | King · wall_segment Stone Wall x5 |
| 38:33 | PSX | King · wall_segment Stone Wall x1 |
| 38:39 | CTM | chiwire · first_building Barracks |
| 40:08 | CTM | BenCF · age_up imperial |
| 40:55 | CTM | Franco* · tribute_sent a jugador 1 |
| 40:55 | CTM | Franco* · tribute_sent a jugador 2 |
| 40:55 | CTM | Franco* · tribute_sent a jugador 3 |
| 40:55 | CTM | Franco* · tribute_sent a jugador 4 |
| 40:55 | CTM | Franco* · tribute_sent a jugador 5 |
| 40:55 | CTM | Franco* · tribute_sent a jugador 6 |
| 40:55 | CTM | Franco* · tribute_sent a jugador 7 |
| 41:07 | CTM | chiwire · age_up imperial |
| 41:18 | CTM | Franco* · tribute_sent a jugador 1 |
| 41:18 | CTM | Franco* · tribute_sent a jugador 2 |
| 41:18 | CTM | Franco* · tribute_sent a jugador 3 |
| 41:18 | CTM | Franco* · tribute_sent a jugador 4 |
| 41:18 | CTM | Franco* · tribute_sent a jugador 5 |
| 41:18 | CTM | Franco* · tribute_sent a jugador 6 |
| 41:18 | CTM | Franco* · tribute_sent a jugador 7 |
| 41:53 | PSX | King · wall_segment Stone Wall x1 |
| 41:54 | PSX | King · wall_segment Stone Wall x2 |
| 41:55 | PSX | King · wall_segment Stone Wall x4 |
[ AI ANALYSIS · 1 CREDIT ]
What really happened in this match?
Wolo.gg analyzes every decision: build order, eco, micro, common mistakes by bracket. Personalized analysis on WhatsApp or Discord in 30 seconds.
Civ guide
Portuguese
Perfil
Jugador #21090110